 Dungeon Crawl Stone Soup version 0.30.0-10-gfe55d96785 (webtiles) character file.

Game seed: 9324625818857655000

5952 qw the Cleaver (level 10, -14/64 HPs)
             Began as a Gargoyle Cinder Acolyte on May 17, 2023.
             Was a Follower of Ignis.
             Demolished by a catoblepas (22 damage)
             ... on level 9 of the Dungeon.
             The game lasted 00:04:48 (8604 turns).

qw the Cleaver (Gargoyle Cinder Acolyte)            Turns: 8604, Time: 00:04:49

Health: -14/64     AC: 32    Str: 22    XL:     10   Next: 84%
Magic:  11/11      EV:  8    Int: 15    God:    Ignis [*.....]
Gold:   670        SH:  6    Dex:  1    Spells: 11/11 levels left

rFire   + + +        Y - +1 hand axe (flame)
rCold   . . .        c - +3 buckler of the Pleiades {Rampage rPois Dex-4}
rNeg    + . .        d - +4 chain mail
rPois   inf          q - +1 helmet
rElec   +            l - +0 cloak
rCorr   +            (no gloves)
SInv    .            (no boots)
Will    +....        m - amulet of the acrobat Stlth
                     e - ring of the Enemy {rPois rF++ Will+ rCorr}
HPRegen 0.30/turn    (no ring)
MPRegen 0.12/turn

%: acrobat, rampage
@: about to teleport, fiery-armoured
A: sickness immunity, AC +7, negative energy resistance 1, electricity
resistance, torment resistance 1, petrification resistance
a: Renounce Religion, Fiery Armour, Foxfire Swarm, Rising Flame


You were on level 9 of the Dungeon.
You worshipped Ignis.
Ignis was aware of your devotion.
You visited 1 branch of the dungeon, and saw 9 of its levels.
You also visited: Ossuary.

You collected 670 gold pieces.


Innate Abilities, Weirdness & Mutations

You are immune to sickness and miasma.
Your stone body is resilient. (AC +7)
You are immune to poison.
You resist negative energy. (rN+)
You are resistant to electric shocks. (rElec)
You are resistant to unholy torment.
You are immune to petrification.


   Skills:
 + Level 8.2 Fighting
 - Level 11.0 Axes
 - Level 3.0 Throwing
 - Level 6.6 Armour
 - Level 5.1 Shields
 - Level 1.0 Spellcasting
 - Level 3.0 Fire Magic


You had 11 spell levels left.
You didn't know any spells.
Your spell library contained the following spells:

 Spells                   Type           Power      Damage    Failure   Level
 Scorch                   Fire           18%        2d6       58%         2

Inventory:

Hand Weapons
 Y - a +1 hand axe of flaming (weapon)
Missiles
 k - 3 javelins (quivered)
Armour
 c - the +3 buckler of the Pleiades (worn) {Rampage rPois Dex-4}
   (You acquired it on level 1 of the Dungeon)

   Dex:       It affects your dexterity (-4).
   rPois:     It protects you from poison.
   Rampage:   It bestows one free step when moving towards enemies.
 d - a +4 chain mail (worn)
 l - a +0 cloak (worn)
 q - a +1 helmet (worn)
Jewellery
 e - the ring of the Enemy (left hand) {rPois rF++ Will+ rCorr}
   (You acquired it in an ossuary)

   [ring of willpower]

   rF:        It greatly protects you from fire.
   rPois:     It protects you from poison.
   rCorr:     It protects you from acid and corrosion.
   Will:      It increases your willpower.
 m - an amulet of the acrobat (around neck)
Scrolls
 b - 3 scrolls of teleportation
 f - a scroll of brand weapon {unknown}
 s - a scroll of identify
Potions
 a - a potion of might
 g - a potion of cancellation
 h - a potion of resistance
 i - 3 potions of heal wounds
 u - 7 potions of curing
 w - a potion of haste

Dungeon Overview and Level Annotations

Branches:
Dungeon (9/15)             Temple (0/1) D:6             Orc (0/2) D:9
Ossuary (visited)
   Lair: D:8-11

Altars:
Hepliaklqana
Ru
Wu Jian
Yredelemnul

Shops:
D:6 :


Message History

The catoblepas is almost dead.
The catoblepas breathes a plume of calcifying dust at you.
The blast of calcifying dust hits you.
You completely miss the catoblepas.
The catoblepas is severely wounded.
You barely miss the catoblepas.
The catoblepas is severely wounded.
The catoblepas barely misses you.
You hit the catoblepas but do no damage.
The catoblepas is severely wounded.
The catoblepas breathes a plume of calcifying dust at you.
The blast of calcifying dust hits you but does no damage.
A boulder beetle comes into view.
You completely miss the catoblepas.
The catoblepas is severely wounded.
The catoblepas barely misses you.
The boulder beetle leaps!
You hit the catoblepas but do no damage.
The catoblepas is severely wounded.
You completely miss the catoblepas.
The catoblepas is severely wounded.
The catoblepas breathes a plume of calcifying dust at you.
The blast of calcifying dust hits you!
The boulder beetle curls into a ball and begins rolling!
You hit the catoblepas but do no damage.
The catoblepas is severely wounded.
The catoblepas barely misses you.
You hit the catoblepas but do no damage.
The catoblepas is severely wounded.
The catoblepas breathes a plume of calcifying dust at you.
The blast of calcifying dust hits you.
You hit the catoblepas. You burn the catoblepas.
The catoblepas is almost dead.
The death knight's dark mirror aura disappears.
The boulder beetle stops rolling and uncurls.
The catoblepas gores you!
8604 ||| READING 4 scrolls of teleportation.
As you read the scroll of teleportation, it crumbles to dust.
You feel strangely unstable. The catoblepas gores you!!
You die...

.........#'##########
##########.#...........
.........#)#...........
#..........)...........
#####...............###
#.####.......####.# #.
..#######...# . #. #..
###..#..# #. ###
#.@#### .# . #...##Y..#
##. #.B0#.# # #.#.#..
..###...# .#Y # #.# # .
.# # #


You could see a catoblepas and a boulder beetle.

Vanquished Creatures
  A tengu warrior (D:8)
  A two-headed ogre (D:9)
  Maggie (D:7)
  A tengu conjurer (D:8)
  A steam dragon (D:8)
  3 water moccasins
  Duvessa (D:6)
  2 sky beasts
  2 orc warriors
  An ogre (D:5)
  An ice beast (D:6)
  4 black bears
  3 centaurs
  2 phantoms
  2 kobold brigands
  A gnoll sergeant (D:7)
  3 bullfrogs
  A scorpion (D:6)
  11 wights
  Dowan (D:6)
  7 killer bees
  2 howler monkeys (D:6)
  2 jellies
  3 hounds
  3 gnoll boudas
  3 orc priests (D:7)
  4 sleepcaps
  An iguana (D:5)
  4 orc wizards
  8 mummies (Ossuary)
  10 gnolls
  9 adders
  A white imp (D:5)
  2 ufetubi (D:4)
  A worm (D:1)
  A dart slug (D:1)
  32 orcs
  6 endoplasms
  5 giant cockroaches
  5 goblins
  6 hobgoblins
  14 kobolds
  4 quokkas
  6 ball pythons
  7 bats
  2 frilled lizards
  3 gnoll zombies (Ossuary)
  A hobgoblin zombie (Ossuary)
  A kobold zombie (Ossuary)
  3 orc zombies (Ossuary)
  4 rats
203 creatures vanquished.

Vanquished Creatures (others)
  An orc wizard (D:4)
1 creature vanquished.

Grand Total: 204 creatures vanquished

Notes
Turn   | Place    | Note
-------+----------+-------------------------------------------
     0 | D:1      | qw the Gargoyle Cinder Acolyte began the quest for the Orb.
     0 | D:1      | Reached XP level 1. HP: 14/14 MP: 2/2
     0 | D:1      | 0 ||| qw: Version: 0.2-a-95-g816fdde
     0 | D:1      | 0 ||| qw: Game counter: 73
     0 | D:1      | 0 ||| qw: Always use a shield: true
     0 | D:1      | 0 ||| qw: God list: Okawaru
     0 | D:1      | 0 ||| qw: Allow faded altars: false
     0 | D:1      | 0 ||| qw: Do Orc after D:15 true
     0 | D:1      | 0 ||| qw: Do second Lair branch before Depths: true
     0 | D:1      | 0 ||| qw: Lair rune preference: random
     0 | D:1      | 0 ||| qw: Plans: Normal
     0 | D:1      | 0 ||| PLANNING D:1-11
    44 | D:1      | 44 ||| Stepping ~*~*~tactically~*~*~ (hiding).
    50 | D:1      | Reached skill level 3 in Axes
   175 | D:1      | Reached XP level 2. HP: 19/19 MP: 3/3
   183 | D:1      | 183 ||| Stepping ~*~*~tactically~*~*~ (stealth).
   549 | D:1      | 549 ||| Stepping ~*~*~tactically~*~*~ (stealth).
   562 | D:1      | 562 ||| Stepping ~*~*~tactically~*~*~ (stealth).
   603 | D:1      | Reached XP level 3. HP: 19/23 MP: 4/4
   782 | D:1      | 782 ||| READING 3 scrolls labelled CAUGICL GICEUTT.
   783 | D:1      | 783 ||| READING scroll labelled HAXIES EPSEITY.
   784 | D:1      | 784 ||| READING scroll labelled CYRUNL BI CEAT.
   785 | D:1      | 785 ||| READING scroll labelled NIUBLU IJ GEI.
   785 | D:1      | Identified a scroll of acquirement
   785 | D:1      | 785 ||| ACQUIRING +3 buckler of the Pleiades {Rampage rPois
                  | Dex-4}
   785 | D:1      | Acquired the +3 buckler of the Pleiades {Rampage rPois
                  | Dex-4}
   787 | D:1      | 787 ||| UPGRADING to +3 buckler of the Pleiades {Rampage
                  | rPois Dex-4}.
   792 | D:1      | 792 ||| DROPPING 2 scrolls of poison.
   831 | D:2      | 831 ||| STAIRDANCE
   831 | D:2      | HP: 5/23 [worm (9)]
   833 | D:1      | 833 ||| INVOKING Fiery Armour.
   926 | D:2      | Reached skill level 1 in Shields
  1678 | D:2      | 1678 ||| UPGRADING to +0 ring mail.
  1688 | D:2      | 1688 ||| DROPPING +0 robe.
  1689 | D:2      | 1689 ||| UPGRADING to +2 leather armour of fire resistance.
  1699 | D:2      | 1699 ||| READING scroll labelled FEBRUU MASEFYC.
  1700 | D:2      | 1700 ||| DRINKING 2 bubbling amethyst potions.
  1846 | D:3      | Reached skill level 1 in Throwing
  1846 | D:3      | Reached XP level 4. HP: 21/28 MP: 5/5
  1913 | D:3      | Reached skill level 4 in Axes
  2021 | D:3      | Found a faded altar of an unknown god.
  2091 | D:3      | HP: 5/28 [something (4)]
  2096 | D:3      | HP: 3/28 [something/puff of flame (2)]
  2101 | D:3      | 2101 ||| DRINKING 2 potions of heal wounds.
  2109 | D:3      | 2109 ||| INVOKING Fiery Armour.
  2358 | D:3      | Reached XP level 5. HP: 32/32 MP: 6/6
  2541 | D:3      | 2541 ||| UPGRADING to +0 cloak.
  2546 | D:3      | 2546 ||| UPGRADING to amulet of the acrobat.
  2551 | D:3      | 2551 ||| READING scroll labelled PELIG LIEF.
  2552 | D:3      | 2552 ||| READING scroll labelled LOTZUQASTO.
  2599 | D:4      | 2599 ||| INVOKING Fiery Armour.
  2604 | D:4      | Reached skill level 5 in Axes
  2701 | D:4      | Reached skill level 1 in Armour
  2742 | D:4      | Reached XP level 6. HP: 38/38 MP: 7/7
  2755 | D:4      | 2755 ||| Stepping ~*~*~tactically~*~*~ (stealth).
  2756 | D:4      | 2756 ||| Stepping ~*~*~tactically~*~*~ (stealth).
  2757 | D:4      | 2757 ||| Stepping ~*~*~tactically~*~*~ (stealth).
  2758 | D:4      | 2758 ||| Stepping ~*~*~tactically~*~*~ (stealth).
  2759 | D:4      | 2759 ||| Stepping ~*~*~tactically~*~*~ (stealth).
  2760 | D:4      | 2760 ||| Stepping ~*~*~tactically~*~*~ (stealth).
  2761 | D:4      | 2761 ||| Stepping ~*~*~tactically~*~*~ (stealth).
  2920 | D:4      | 2920 ||| Stepping ~*~*~tactically~*~*~ (stealth).
  2921 | D:4      | 2921 ||| Stepping ~*~*~tactically~*~*~ (hiding).
  2922 | D:4      | 2922 ||| Stepping ~*~*~tactically~*~*~ (hiding).
  3240 | D:5      | Entered Level 5 of the Dungeon
  3340 | D:5      | 3340 ||| INVOKING Fiery Armour.
  3681 | D:5      | 3681 ||| INVOKING Fiery Armour.
  3688 | D:5      | Reached skill level 6 in Axes
  3688 | D:5      | Reached XP level 7. HP: 23/43 MP: 8/8
  3894 | D:5      | Reached skill level 3 in Shields
  3925 | D:5      | Found an ornate altar of the Wu Jian Council.
  3927 | D:5      | Found a hazy altar of Hepliaklqana.
  3929 | D:5      | Found a basalt altar of Yredelemnul.
  4305 | D:5      | 4305 ||| DROPPING +0 ring mail.
  4306 | D:5      | 4306 ||| DROPPING +2 robe of willpower.
  4307 | D:5      | 4307 ||| UPGRADING to +0 chain mail.
  4317 | D:5      | 4317 ||| DROPPING +2 leather armour of fire resistance.
  4318 | D:5      | 4318 ||| UPGRADING to +0 helmet.
  4323 | D:5      | 4323 ||| READING scroll labelled SAIDAKH HAOCS.
  4324 | D:5      | 4324 ||| READING scroll labelled NYOHES PIXUDIF.
  4325 | D:5      | 4325 ||| READING 3 scrolls labelled NOILAJ BOAGUYGHUC.
  4326 | D:5      | 4326 ||| DRINKING 2 metallic purple potions.
  4326 | D:5      | Lost dexterity.
  4329 | D:5      | 4329 ||| REMOVING +3 buckler of the Pleiades {Rampage rPois
                  | Dex-4}.
  4334 | D:5      | 4334 ||| DRINKING 2 fizzy grey potions.
  4335 | D:5      | 4335 ||| READING 2 scrolls of identify.
  4335 | D:5      | 4335 ||| IDENTIFYING fizzy pink potion
  4336 | D:5      | 4336 ||| DROPPING potion of lignification.
  4337 | D:5      | 4337 ||| DROPPING potion of degeneration.
  4338 | D:5      | 4338 ||| DROPPING potion of flight.
  4339 | D:5      | 4339 ||| DROPPING 2 scrolls of amnesia.
  4473 | D:6      | 4473 ||| READING scroll labelled RAMPUN FAF.
  4481 | D:6      | 4481 ||| STAIRDANCE
  4516 | D:6      | 4516 ||| READING scroll of enchant weapon.
  4516 | D:6      | 4516 ||| ENCHANTING +0 hand axe of flaming.
  4556 | D:6      | Reached skill level 3 in Armour
  4579 | D:6      | Reached XP level 8. HP: 39/48 MP: 9/9
  4639 | D:6      | Reached skill level 7 in Axes
  4682 | D:6      | Found a sacrificial altar of Ru.
  5007 | D:6      | Noticed Dowan
  5008 | D:6      | 5008 ||| Stepping ~*~*~tactically~*~*~ (hiding).
  5023 | D:6      | Killed Dowan
  5026 | D:6      | Noticed Duvessa
  5027 | D:6      | 5027 ||| Stepping ~*~*~tactically~*~*~ (stealth).
  5028 | D:6      | 5028 ||| Stepping ~*~*~tactically~*~*~ (stealth).
  5029 | D:6      | 5029 ||| Stepping ~*~*~tactically~*~*~ (stealth).
  5030 | D:6      | 5030 ||| Stepping ~*~*~tactically~*~*~ (stealth).
  5039 | D:6      | 5039 ||| INVOKING Fiery Armour.
  5048 | D:6      | Killed Duvessa
  5049 | D:6      | Reached skill level 8 in Axes
  5278 | D:6      | Found Tegic's Book Shoppe.
  5354 | D:6      | Reached XP level 9. HP: 54/54 MP: 10/10
  5515 | D:6      | 5515 ||| UPGRADING to +3 buckler of the Pleiades {Rampage
                  | rPois Dex-4}.
  5520 | D:6      | 5520 ||| READING scroll labelled BUARYE NIFYU.
  5521 | D:6      | 5521 ||| DRINKING 2 amethyst potions.
  5557 | D:6      | Found a staircase to the Ecumenical Temple.
  5610 | D:6      | Reached skill level 6 in Fighting
  5780 | D:6      | 5780 ||| READING 3 scrolls of identify.
  5780 | D:6      | 5780 ||| IDENTIFYING murky amethyst potion
  5781 | D:6      | 5781 ||| READING 2 scrolls of identify.
  5781 | D:6      | 5781 ||| IDENTIFYING fizzy green potion
  5816 | D:7      | 5816 ||| STAIRDANCE
  5871 | D:7      | 5871 ||| Stepping ~*~*~tactically~*~*~ (stealth).
  5965 | D:7      | 5965 ||| Stepping ~*~*~tactically~*~*~ (hiding).
  5966 | D:7      | 5966 ||| Stepping ~*~*~tactically~*~*~ (hiding).
  5967 | D:7      | 5967 ||| Stepping ~*~*~tactically~*~*~ (hiding).
  5970 | D:7      | 5970 ||| INVOKING Fiery Armour.
  6066 | D:7      | Found the +7 staff of the Meek {protect, meekguard}
  6176 | D:7      | 6176 ||| Stepping ~*~*~tactically~*~*~ (hiding).
  6177 | D:7      | 6177 ||| Stepping ~*~*~tactically~*~*~ (hiding).
  6179 | D:7      | 6179 ||| Stepping ~*~*~tactically~*~*~ (hiding).
  6184 | D:7      | Reached skill level 9 in Axes
  6200 | D:7      | Noticed Maggie
  6217 | D:7      | 6217 ||| INVOKING Fiery Armour.
  6227 | D:7      | Killed Maggie
  6497 | D:7      | 6497 ||| Stepping ~*~*~tactically~*~*~ (stealth).
  6499 | D:7      | 6499 ||| Stepping ~*~*~tactically~*~*~ (stealth).
  6525 | D:7      | 6525 ||| Stepping ~*~*~tactically~*~*~ (water).
  6549 | D:7      | 6549 ||| INVOKING Fiery Armour.
  6552 | D:7      | 6552 ||| Stepping ~*~*~tactically~*~*~ (water).
  6859 | D:7      | 6859 ||| DRINKING 2 sedimented golden potions.
  6860 | D:7      | 6860 ||| READING 2 scrolls of identify.
  6860 | D:7      | 6860 ||| IDENTIFYING puce potion
  6861 | D:7      | 6861 ||| DROPPING potion of attraction.
  6862 | D:7      | 6862 ||| DROPPING potion of invisibility.
  6897 | D:8      | 6897 ||| PLANNING OSSUARY
  6905 | D:8      | 6905 ||| Stepping ~*~*~tactically~*~*~ (hiding).
  6916 | D:8      | Reached XP level 10. HP: 63/63 MP: 11/11
  7025 | D:8      | 7025 ||| READING scroll of enchant armour.
  7025 | D:8      | 7025 ||| ENCHANTING +0 helmet.
  7044 | D:8      | 7044 ||| Stepping ~*~*~tactically~*~*~ (hiding).
  7056 | D:8      | Reached skill level 10 in Axes
  7175 | D:8      | Found a sand-covered staircase.
  7176 | D:8      | 7176 ||| READING 2 scrolls of identify.
  7176 | D:8      | 7176 ||| IDENTIFYING fuming red potion
  7185 | Ossuary  | Entered an ossuary
  7188 | Ossuary  | 7188 ||| INVOKING Fiery Armour.
  7386 | Ossuary  | 7386 ||| READING scroll of acquirement.
  7386 | Ossuary  | 7386 ||| ACQUIRING ring of the Enemy {rPois rF++ Will+
                  | rCorr}
  7386 | Ossuary  | Acquired the ring of the Enemy {rPois rF++ Will+ rCorr}
  7388 | Ossuary  | 7388 ||| UPGRADING to ring of the Enemy {rPois rF++ Will+
                  | rCorr}.
  7395 | Ossuary  | 7395 ||| READING scroll labelled SOMIMU SUPH.
  7496 | Ossuary  | 7496 ||| READING 2 scrolls of identify.
  7496 | Ossuary  | 7496 ||| IDENTIFYING cyan potion
  7522 | D:8      | 7522 ||| PLANNING D:1-11
  7602 | D:8      | 7602 ||| Stepping ~*~*~tactically~*~*~ (stealth).
  7616 | D:8      | Noticed a tengu warrior
  7628 | D:8      | 7628 ||| INVOKING Fiery Armour.
  7629 | D:8      | HP: 9/64 [tengu warrior/+0 great sword (9)]
  7630 | D:8      | 7630 ||| READING 5 scrolls of teleportation.
  7631 | D:8      | 7631 ||| DRINKING 4 potions of heal wounds.
  7881 | D:8      | Reached skill level 3 in Throwing
  8145 | D:8      | 8145 ||| INVOKING Fiery Armour.
  8153 | D:8      | Killed a tengu warrior
  8462 | D:8      | 8462 ||| UPGRADING to +4 chain mail.
  8472 | D:8      | 8472 ||| DROPPING +0 chain mail.
  8500 | D:9      | 8500 ||| INVOKING Fiery Armour.
  8509 | D:9      | Reached skill level 11 in Axes
  8520 | D:9      | Noticed a two-headed ogre
  8530 | D:9      | Killed a two-headed ogre
  8531 | D:9      | Reached skill level 6 in Armour
  8554 | D:9      | Found a staircase to the Orcish Mines.
  8573 | D:9      | Noticed a catoblepas
  8574 | D:9      | 8574 ||| Stepping ~*~*~tactically~*~*~ (hiding).
  8588 | D:9      | Noticed a death knight
  8597 | D:9      | Noticed a boulder beetle
  8603 | D:9      | HP: 7/64 [catoblepas (14)]
  8604 | D:9      | 8604 ||| READING 4 scrolls of teleportation.
  8604 | D:9      | Demolished by a catoblepas

Levels and vault maps discovered:
D:1:      elethiomel_arrival_maze, layout_basic, serial_bayou_crossing
D:2:      layout_basic, grunt_decor_arrowhead
D:3:      layout_basic, serial_bayou, serial_bayou_shore_b,
          serial_bayou_shore_a, serial_bayou_pond_e, serial_bayou_pond_d,
          ebering_ecumenical_altar_hall, minmay_misc_feat_cross
D:4:      layout_rooms, st_stairs_4
D:5:      layout_cave_pods, nicolae_overflow_hidden_temple
D:6:      layout_gridville, nicolae_ru_path_of_blood, temple_statues,
          serial_shops, nicolae_shop_real_fake_doors, minmay_pentangle,
          uniq_duvessa
D:7:      layout_basic, pf_guarded_unrand_meek, uniq_maggie
D:8:      layout_loops_ring, nicolae_ossuary_entry_ruins, kennysheep_flooded_box
D:9:      minmay_ornate_pinched, layout_stronghold, orc_0_dummy,
          nicolae_figureground_pulse

Skill      XL: |  1  2  3  4  5  6  7  8  9 10 |
---------------+-------------------------------+-----
Axes           | 3 4 5 6 8 9 11 | 11.0
Shields        | 1 2 3 5 |  5.1
Throwing       | 1 2 3 |  3.0
Armour         | 1 3 4 5 6 |  6.6
Fighting       | 4 5 7 8 |  8.2
Spellcasting   | |  1.0
Fire Magic     | |  3.0

Action                     |  1- 3 |  4- 6 |  7- 9 | 10-12 || total
---------------------------+-------+-------+-------+-------++-------
  Melee: Hand axe          |   153 |   239 |   407 |   178 ||   977
         Punch             |       |       |     2 |       ||     2
  Throw: Javelin           |     4 |    47 |    43 |    21 ||   115
         Boomerang         |       |       |     1 |     1 ||     2
 Invoke: Fiery Armour      |     1 |     4 |     4 |     4 ||    13
    Use: Scroll            |     5 |     2 |    10 |     7 ||    24
         Potion            |     1 |     1 |     4 |     1 ||     7
 Armour: Robe              |    41 |       |       |       ||    41
         Leather armour    |    11 |   131 |    30 |       ||   172
         Chain mail        |       |       |   205 |   120 ||   325
  Dodge: Dodged            |    75 |   112 |   156 |    85 ||   428
  Block: Buckler           |    10 |    66 |    76 |    57 ||   209

Table legend:
 A = Non-vault XP
 B = Vault XP
 C = Vault XP percentage of total XP
 D = Non-vault monster count
 E = Vault monster count
 F = Vault count percentage of total count
                 A         B        C        D         E       F
            +---------+---------+-------+---------+---------+-------
      Total |    6220 |    2284 |  26.9 |     166 |      38 |  18.6
            +---------+---------+-------+---------+---------+-------
        D:1 |      45 |       0 |   0.0 |      23 |       0 |   0.0
        D:2 |      27 |       0 |   0.0 |       8 |       0 |   0.0
        D:3 |     132 |       0 |   0.0 |      20 |       0 |   0.0
        D:4 |     269 |       4 |   1.5 |      25 |       2 |   7.4
        D:5 |     419 |       0 |   0.0 |      12 |       0 |   0.0
        D:6 |    1185 |     592 |  33.3 |      18 |       6 |  25.0
        D:7 |    1297 |     628 |  32.6 |      27 |      11 |  28.9
        D:8 |    2493 |       0 |   0.0 |      23 |       0 |   0.0
        D:9 |     353 |     904 |  71.9 |      10 |       3 |  23.1
    Ossuary |       0 |     156 | 100.0 |       0 |      16 | 100.0
            +---------+---------+-------+---------+---------+-------
